 Dungeon Crawl Stone Soup version 0.29.0-10-g45618ea6d2 (webtiles) character file.

Game seed: 11183933236642624809

4 Logoto the Firebug (level 1, 0/14 HPs)
             Began as a Hill Orc Fire Elementalist on Sept 2, 2022.
             Slain by a kobold
             ... wielding a +0 short sword
              (3 damage)
             ... on level 1 of the Dungeon.
             The game lasted 00:01:30 (354 turns).

Logoto the Firebug (Hill Orc Fire Elementalist)      Turns: 354, Time: 00:01:30

Health: 0/14       AC:  3    Str: 10    XL:     1   Next: 60%
Magic:  1/3        EV: 11    Int: 15    God:
Gold:   10         SH:  0    Dex: 11    Spells: 2/3 levels left

rFire   . . .      SeeInvis .   c - +0 short sword
rCold   . . .      Faith    .   (no shield)
rNeg    . . .      Spirit   .   d - +0 leather armour
rPois   .          Reflect  .   (no helmet)
rElec   .          Harm     .   (no cloak)
rCorr   .          Rampage  .   (no gloves)
Will    .....                   (no boots)
Stlth   +.........              (no amulet)
HPRegen 0.04/turn               (no ring)
MPRegen 0.08/turn               (no ring)

@: no status effects
A: no striking features
a: no special abilities


You were on level 1 of the Dungeon.
You visited 1 branch of the dungeon, and saw 1 of its levels.

You collected 10 gold pieces.

Inventory:

Hand Weapons
 c - a +0 short sword (weapon)
 f - a +0 dagger
Armour
 a - a +0 robe
 d - a +0 leather armour (worn)
Scrolls
 e - a scroll of identify {unknown}
Potions
 b - a potion of magic


   Skills:
 + Level 0.2 Short Blades
 + Level 1.7 Dodging
 + Level 1.6 Stealth
 + Level 1.6 Spellcasting
 + Level 1.0 Conjurations
 + Level 3.3 Fire Magic


You had 2 spell levels left.
You knew the following spells:

 Your Spells              Type           Power      Damage    Failure   Level
a - Foxfire               Conj/Fire      28%        2x1d5     13%         1

Your spell library contained the following spells:

 Spells                   Type           Power      Damage    Failure   Level
 Scorch                   Fire           22%        2d6       12%         2
 Conjure Flame            Conj/Fire      7%         6-21      36%         3
 Inner Flame              Hex/Fire       6%         N/A       43%         3
 Ozocubu's Armour         Ice            1%         N/A       67%         3
 Flame Wave               Conj/Fire      7%         2d5       77%         4
 Metabolic Englaciation   Hex/Ice        0%         N/A       100%        5
 Simulacrum               Ice/Necr       0%         N/A       100%        6


Dungeon Overview and Level Annotations

Branches:
Dungeon (1/15)

Altars:


Message History

Casting: Foxfire (safe; 13% risk of failure)
Confirm with . or Enter, or press ? or * to list all spells.
You conjure some foxfire!
The quokka misses you.
The foxfire hits the quokka.
The quokka is severely wounded.
The foxfire hits the quokka.
You kill the quokka!
Casting: Foxfire (safe; 13% risk of failure)
Confirm with . or Enter, or press ? or * to list all spells.
You conjure some foxfire!
The ball python bites you but does no damage.
The ball python closely misses you.
Your foxfire dissipates!
The foxfire hits the ball python.
You kill the ball python!
Your magical contamination has completely faded away.
Casting: Foxfire (safe; 13% risk of failure)
Confirm with . or Enter, or press ? or * to list all spells.
You don't know that spell.
Unknown command.
You closely miss the kobold. The kobold hits you but does no damage.
You barely miss the kobold.
The kobold hits you with a +0 short sword. x2
* * * LOW HITPOINT WARNING * * *
You closely miss the kobold.
The kobold hits you with a +0 short sword.
* * * LOW HITPOINT WARNING * * *
You hit the kobold.
The kobold is severely wounded.
The kobold hits you but does no damage.
You hit the kobold but do no damage.
The kobold is severely wounded.
The kobold barely misses you.
You barely miss the kobold.
The kobold is severely wounded.
The kobold hits you but does no damage.
You hit the kobold but do no damage.
The kobold is severely wounded.
The kobold hits you with a +0 short sword.
You die...

... #..#_#..#).# .... .
#...#..###..#..#.8... ###.#
#...#.......#S....... ..[..
#...#.......#.#....⌠.
.....##...####'####.#......
..#...#......)...†..##.8...
#........##...#..#### #....
#............##.########...
#..........@K..............
######.#################
#~.~........######
......~.~~~.......#####
...≈≈§~~~≈≈≈..........###
§≈≈§§≈~~~≈≈≈≈≈≈≈≈≈......##
§≈§≈≈≈~~~≈≈≈≈≈≈≈≈≈≈≈≈....#
≈§#≈≈§≈≈≈#######≈≈≈≈≈≈#≈≈.≈≈≈.#
≈≈#≈≈≈≈## ###≈≈≈≈#≈≈.#≈≈≈#


You could see a kobold.

Vanquished Creatures
  A quokka (D:1)
  A ball python (D:1)
  A bat (D:1)
  A kobold (D:1)
  A rat (D:1)
5 creatures vanquished.

Vanquished Creatures (others)
  3 foxfires (D:1)
3 creatures vanquished.

Grand Total: 8 creatures vanquished

Notes
Turn   | Place    | Note
-------+----------+-------------------------------------------
     0 | D:1      | Logoto the Hill Orc Fire Elementalist began the quest for
                  | the Orb.
     0 | D:1      | Reached XP level 1. HP: 14/14 MP: 3/3
   272 | D:1      | Found a faded altar of an unknown god.
   354 | D:1      | Slain by a kobold

Illustrated notes

Levels and vault maps discovered:
D:1:      dpeg_arrival_water_fire, layout_loops_ring,
          hellmonk_ecumenical_altar_inner_sanctum,
          chequers_serial_rivers_micro_d, wad_floor_pattern_untrapped

Action                   || total
-------------------------++-------
Melee: Short sword       ||    21
 Cast: Foxfire           ||     2
Armor: Leather armour    ||     9
Dodge: Dodged            ||    25
